 Dungeon Crawl Stone Soup version 0.27.1-4-g1640c2035a (webtiles) character file.

Game seed: 12391200102561713844

443683 raph the Petrodigitator (level 23, -17/136 HPs)
             Began as a Deep Elf Earth Elementalist on Nov 10, 2021.
             Was the Champion of Elyvilon.
             Killed from afar by a frost giant (78 damage)
             ... with a bolt of cold
             ... on level 3 of the Depths.
             The game lasted 03:55:42 (111443 turns).

raph the Petrodigitator (DEEE)                    Turns: 111443, Time: 03:55:43

Health: -17/136    AC: 28    Str:  7    XL:     23   Next: 7%
Magic:  3/47       EV: 20    Int: 29    God:    Elyvilon [******]
Gold:   3757       SH:  8    Dex: 21    Spells: 3/59 levels left

rFire    + . .     SeeInvis .   b - staff of earth
rCold    x . .     Faith    .   A - +2 buckler {AC+3}
rNeg     . . .     Spirit   .   H - +3 acid dragon scales
rPois    +         Reflect  .   f - +2 helmet
rElec    +         Harm     .   G - +2 cloak {Will+}
rCorr    +         Rampage  .   n - +2 pair of gloves {Dex+3}
Will     +++..                  s - +1 pair of boots
Stlth    +++++.....             F - amulet of the Sky {+Inv rElec Regen+ Dex+3}
HPRegen  1.32/turn              l - +4 ring of protection
MPRegen  0.30/turn              E - ring of Metzev {Fire rPois Slay+3}

@: very slightly contaminated, studying Bows
A: no striking features
}: 2/15 runes: decaying, serpentine
a: Renounce Religion, Evoke Invisibility, Lesser Healing, Heal Other,
Purification, Greater Healing, Divine Vigour, Divine Protection


You were on level 3 of the Depths.
You worshipped Elyvilon.
Elyvilon was exalted by your worship.
You visited 8 branches of the dungeon, and saw 41 of its levels.
You also visited: Gauntlet, Volcano and Wizlab.

You collected 6131 gold pieces.
You spent 2374 gold pieces at shops.

Inventory:

Hand Weapons
 a - a +5 rapier of electrocution
 w - the +3 falchion "Duheats" {vorpal, Int+3}
   (You took it off a kobold demonologist on level 9 of the Dungeon)

   It inflicts extra damage upon your enemies.
   Int:       It affects your intelligence (+3).
 y - a +5 quick blade
Missiles
 N - 696 stones
Armour
 f - a +2 helmet (worn)
 n - a +2 pair of gloves of dexterity (worn)
 s - a +1 pair of boots (worn)
 A - a +2 buckler of protection (worn)
 G - a +2 cloak of willpower (worn)
 H - +3 acid dragon scales (worn)
Magical Staves
 b - a staff of earth (weapon)
 x - a staff of conjuration
Jewellery
 d - a ring of wizardry
 l - a +4 ring of protection (left hand)
 u - a ring of see invisible
 v - a +6 ring of strength
 E - the ring of Metzev (right hand) {Fire rPois Slay+3}
   (You took it off a centaur on level 7 of the Dungeon)

   [ring of fire]

   It enhances your fire magic.
   Slay:      It affects your accuracy & damage with ranged weapons and melee
   (+3).
   rF:        It protects you from fire.
   rC:        It makes you vulnerable to cold.
   rPois:     It protects you from poison.
 F - the amulet of the Sky (around neck) {+Inv rElec Regen+ Dex+3}
   (You found it on level 6 of the Lair of Beasts)

   [amulet of regeneration]

   Dex:       It affects your dexterity (+3).
   rElec:     It insulates you from electricity.
   +Inv:      It lets you turn invisible.
   Regen:     It increases your rate of health regeneration.
 U - a ring of protection from fire
Wands
 q - a wand of iceblast (84)
 z - a wand of polymorph (7)
 K - a wand of mindburst (20)
 P - a wand of flame (79)
 R - a wand of digging (10)
 X - a wand of acid (32)
 Y - a wand of charming (6)
Scrolls
 i - 4 scrolls of silence
 k - 15 scrolls of teleportation
 m - a scroll of amnesia
 p - 3 scrolls of fog
 L - 6 scrolls of fear
 Q - 3 scrolls of magic mapping
 T - 7 scrolls of blinking
 W - 21 scrolls of identify
 Z - 2 scrolls of holy word
Potions
 c - 4 potions of brilliance
 e - 17 potions of curing
 g - 9 potions of might
 h - 5 potions of invisibility
 j - 4 potions of flight
 o - 9 potions of heal wounds
 r - 3 potions of mutation
 t - a potion of cancellation
 D - 3 potions of resistance
 M - 2 potions of magic
 S - 3 potions of ambrosia
 V - a potion of berserk rage
Miscellaneous
 B - a phantom mirror
 C - a phial of floods


   Skills:
 + Level 11.6 Fighting
 - Level 5.9 Short Blades
 - Level 4.3 Armour
 + Level 14.2 Dodging
 - Level 13.3 Stealth
 - Level 4.0 Shields
 + Level 18.7 Spellcasting
 + Level 14.0 Conjurations
 - Level 1.1 Transmutations
 - Level 7.1 Fire Magic
 O Level 27 Earth Magic
 - Level 3.4 Poison Magic
 + Level 11.9 Invocations
 - Level 4.2 Evocations


You had 3 spell levels left.
You knew the following spells:

 Your Spells              Type           Power      Damage    Failure   Level
a - Sandblast             Erth           100%       2d20      0%          1
b - Passwall              Tmut/Erth      86%        N/A       0%          2
c - Lehudib's Crystal Sp  Conj/Erth      60%        10d14     4%          8
d - Mephitic Cloud        Conj/Pois/Air  57%        N/A       1%          3
e - Bolt of Magma         Conj/Fire/Erth 67%        4d26      1%          5
f - Lee's Rapid Deconstr  Erth           67%        3d32*     0%          5
g - Petrify               Tmut/Erth      100%       N/A       1%          4
h - Swiftness             Air            27%        N/A       9%          3
i - Sticky Flame          Conj/Fire      93%        2d10      1%          4
j - Starburst             Conj/Fire      46%        6d13      5%          6
k - Fireball              Conj/Fire      46%        3d18      1%          5
l - Shatter               Erth           67%        3d50*     4%          9
m - Apportation           Tloc           54%        N/A       2%          1

Your spell library contained the following spells:

 Spells                   Type           Power      Damage    Failure   Level
 Magic Dart               Conj           100%       1d8       0%          1
 Searing Ray              Conj           100%       3d7       0%          2
 Stone Arrow              Conj/Erth      100%       3d13      0%          3
 Beastly Appendage        Tmut           66%        N/A       1%          1
 Foxfire                  Conj/Fire      100%       2x1d9     1%          1
 Shock                    Conj/Air       100%       1d9       1%          1
 Static Discharge         Conj/Air       61%        N/A       1%          2
 Conjure Flame            Conj/Fire      93%        6-21      1%          3
 Dazzling Flash           Conj/Hex       100%       N/A       1%          3
 Ignite Poison            Fire/Tmut/Pois 65%        N/A       1%          3
 Summon Small Mammal      Summ           100%       N/A       2%          1
 Slow                     Hex            27%        N/A       4%          2
 Confusing Touch          Hex            27%        N/A       9%          3
 Gell's Gravitas          Tloc           13%        N/A       9%          3
 Lesser Beckoning         Tloc           13%        N/A       9%          3
 Ozocubu's Armour         Ice            27%        N/A       9%          3
 Portal Projectile        Hex/Tloc       54%        N/A       9%          3
 Teleport Other           Tloc           27%        N/A       9%          3
 Vampiric Draining        Necr           13%        2d7       9%          3
 Fulminant Prism          Conj/Hex       30%        3d16      1%          4
 Hailstorm                Conj/Ice       61%        3d13      1%          4
 Iskenderun's Mystic Bla  Conj/Tloc      61%        2d13      1%          4
 Leda's Liquefaction      Hex/Erth       51%        N/A       1%          4
 Statue Form              Tmut/Erth      69%        N/A       1%          6
 Irradiate                Conj/Tmut      31%        3d24      3%          5
 Ice Form                 Ice/Tmut       30%        N/A       22%         4
 Airstrike                Air            13%        N/A       26%         4
 Alistair's Intoxication  Tmut/Pois      26%        N/A       30%         5
 Blade Hands              Tmut           16%        N/A       43%         5
 Agony                    Necr           27%        N/A       58%         5
 Excruciating Wounds      Necr           13%        N/A       58%         5
 Silence                  Hex/Air        13%        N/A       58%         5
 Summon Forest            Summ/Tloc      13%        N/A       58%         5
 Eringya's Noxious Bog    Tmut/Pois      20%        N/A       86%         6
 Invisibility             Hex            13%        N/A       99%         6
 Simulacrum               Ice/Necr       13%        N/A       99%         6
 Dragon Form              Tmut           16%        N/A       100%        7
 Malign Gateway           Summ/Tloc      13%        N/A       100%        7
 Ozocubu's Refrigeration  Ice            13%        4d7       100%        7
 Summon Hydra             Summ           13%        N/A       100%        7
 Ignition                 Fire           40%        3d12      100%        8
 Chain Lightning          Conj/Air       30%        3d40      100%        9
 Fire Storm               Conj/Fire      46%        8d12      100%        9


Dungeon Overview and Level Annotations

Branches:
Dungeon (15/15)            Temple (0/1) D:7            Lair (6/6) D:8
  Swamp (4/4) Lair:2        Snake (4/4) Lair:2        Slime (0/5) Lair:6
    Orc (2/2) D:12            Elf (3/3) Orc:2        Vaults (4/5) D:13
  Crypt (0/3) Vaults:3     Depths (3/5) D:15        Volcano (visited)
 WizLab (visited)         Gauntlet (visited)

Altars:
Cheibriados
Dithmenos
Elyvilon
Gozag
Kikubaaqudgha
Okawaru
Qazlal
Uskayaw
Wu Jian
Xom
Jiyva

Shops:
D:12 (   Orc:2 *(=   Elf:1 :   Snake:1 [   Vaults:2 !   Depths:1 [=*[
Depths:3 (

Portals:
Hell: Depths:1 Depths:2
Abyss: Depths:3
Pandemonium: Orc:2 Depths:2 Depths:3
Ziggurat: Depths:1

Annotations:
Snake:1 Asterion
Snake:2 exclusion: upstairs
Snake:4 2 exclusions
Elf:2 1 runed translucent door, SlowGraham's ghost, veteran FoEE


Message History

Aiming: Lee's Rapid Deconstruction (safe; 0% risk of failure)
Press: ? - help, Dir - move target A rock wall.
You feel a surge of power!
The wall shatters!
The blast of rock fragments hits the frost giant!!
The frost giant is severely wounded.
The frost giant casts a spell at you. The bolt of cold misses you.
Casting: Lee's Rapid Deconstruction (safe; 0% risk of failure)
Confirm with . or Enter, or press ? or * to list all spells.
Aiming: Lehudib's Crystal Spear (dangerous; 4% risk of failure)
Press: ? - help, Shift-Dir - straight line, f - frost giant
Aim: a frost giant, wielding a +1 battleaxe of freezing (severely wounded, 98% to hit)
You feel a surge of power!
You miscast Lehudib's Crystal Spear.
You are very lightly contaminated with residual magic.
A wave of violent energy washes through your body!
The frost giant points at you and mumbles some strange words.
The bolt of cold hits you!!!
You feel a terrible chill!
You are healed.
A spriggan defender comes into view. It is wielding a +3 lajatang of pain.
The frost giant points at you and mumbles some strange words.
The bolt of cold hits you!
You feel a terrible chill!
Things that are here:
a +1 battleaxe of freezing; a +0 animal skin; a frost giant skeleton
Aiming: Sandblast (safe; 0% risk of failure)
Press: ? - help, Q - select action, (/) - cycle Shift-Dir - straight line, f/p - frost giant
Aim: a frost giant, wielding a +1 battleaxe of freezing (severely wounded, 98% to hit)
You feel a surge of power!
The blast of sand hits the frost giant!
The frost giant is almost dead.
The frost giant gestures at you while chanting.
The bolt of cold hits you!
You feel a terrible chill!
Things that are here:
a +0 robe; a +0 buckler; a spriggan skeleton You see here a golden dragon corpse.
The frost giant casts a spell at you. The bolt of cold hits you!!!
You feel a terrible chill! The frost giant casts a spell at you.
The bolt of cold hits you!!!!
You feel a terrible chill!
Ouch! That really hurt!
You die...

....#### ##i......... .......#
#.########## ......## #)# #.#
.......# #[###### #.# ......##
#=iC...# #.############# ..[....#
####†..# #.............# ......##
#...# #.###.........# ##....#
####...###.....###.....# #....#
#..'...@...#..##.##...|.
#....####.##...###(#..#...#.....
##.......#.##...#.....##.........
...###...#'##...#.....#......##..
...# #.........##.....#.......##.
...# ###.......####'#.#........#.
...# #.......# #.#.#.∩.....##.
...# #.∩.....# #.#.#.....###..
...#####.......####...#######....


You could see a frost giant and a spriggan defender.

Vanquished Creatures
  Saint Roka (Depths:3)
  Vashnia (Snake:4)
  Nikola (Snake:4)
  A golden dragon (Depths:3)
  Jory (Vaults:4)
  A bone dragon (Swamp:4)
  4 tentacled monstrosities
  A titan (Vaults:3)
  2 liches (Depths:2)
  3 deep elf blademasters (Elf:3)
  Frances (Elf:1)
  An ancient champion (Vaults:3)
  2 sphinxes
  Kirke (Lair:5)
  Donald (Elf:1)
  A thorn hunter (Swamp:2)
  A tengu reaver (Vaults:4)
  Roxanne (Elf:1)
  A fire giant (Depths:3)
  A fenstrider witch (Swamp:3)
  11 nagarajas
  An iron dragon (Depths:3)
  6 frost giants
  7 deep elf sorcerers
  Aizul (Snake:1)
  11 vault wardens
  2 war gargoyles
  6 deep elf elementalists (Elf:3)
  A spriggan defender (Depths:3)
  17 ironbound preservers
  13 very ugly things
  11 stone giants
  5 deep elf demonologists (Elf:3)
  6 dire elephants
  A minotaur (Gauntlet)
  2 entropy weavers
  9 deep elf annihilators (Elf:3)
  6 spark wasps
  3 bunyips
  5 deep elf death magi (Elf:3)
  5 ettins
  2 crystal guardians (Vaults:4)
  4 eleionomae
  7 fire dragons
  7 ironbound thunderhulks
  6 vault guards
  6 great orbs of eyes
  8 yaktaur captains
  2 salamander tyrants
  4 deep elf high priests (Elf:3)
  Fannar (Lair:1)
  4 ice dragons
  2 rakshasas
  A monstrous demonspawn (Depths:3)
  2 spriggan air magi
  3 boulder beetles
  5 peacekeepers
  13 hydras
  A catoblepas (D:13)
  5 anacondas
  An ogre mage (D:15)
  8 ironbound frosthearts
  10 alligators
  11 naga warriors
  2 death knights
  25 dancing weapons
  5 centaur warriors
  11 two-headed ogres
  4 deep troll shamans
  An anaconda (shapeshifter) (Vaults:1)
  3 deep troll earth magi
  A vampire mage (Vaults:3)
  6 orc high priests
  A tengu warrior (Depths:2)
  8 death yaks
  20 deep elf knights
  4 hell knights (Depths:2)
  3 shock serpents
  4 ironbound beastmasters
  17 naga sharpshooters
  2 spriggan berserkers
  Sonja (Lair:5)
  5 goliath frogs
  A spectral anaconda (Lair:6)
  3 iron trolls
  2 spectral death yaks (Lair:6)
  6 salamander mystics
  3 skeletal warriors
  A sixfirhy (Orc:2)
  A torturous demonspawn (Orc:2)
  4 spriggan druids
  3 glowing orange brains
  A gelid demonspawn (Orc:2)
  An infernal demonspawn (Orc:2)
  2 spectral hydras (Swamp:4)
  A glowing orange brain (shapeshifter) (Elf:3)
  5 swamp dragons
  40 deep trolls
  8 wizards
  An obsidian statue (Lair:6)
  2 flayed ghosts
  7 bog bodies
  11 deep elf archers
  10 ironbound convokers
  5 orc knights
  7 naga ritualists
  6 lindwurms
  36 deep elf zephyrmancers
  3 phantasmal warriors (Swamp:4)
  6 harpies
  17 mana vipers
  7 necromancers
  19 deep elf pyromancers
  16 salamanders
  6 oklob plants
  11 orc sorcerers
  5 manticores
  8 cyclopes
  46 ugly things
  7 will-o-the-wisps
  29 black mambas
  5 guardian serpents
  17 elephants
  16 cane toads
  23 naga magi
  14 vault sentinels
  A smoke demon (Orc:2)
  3 gargoyles
  A torpor snail (Lair:5)
  An unseen horror (D:11)
  An orange demon (Orc:2)
  A rime drake (Lair:5)
  5 swamp worm zombies (Swamp:4)
  28 yaktaurs
  Psyche (D:10)
  A dire elephant skeleton (Lair:6)
  A tormentor (Depths:3)
  Maggie (D:7)
  3 centaur skeletons (D:15)
  11 komodo dragons
  2 freezing wraiths
  2 kobold demonologists
  2 red devils (Orc:2)
  An efreet (D:15)
  2 ice devils
  5 hellwings
  6 trolls
  A troll (shapeshifter) (D:14)
  12 tyrant leeches
  3 hydra zombies (Swamp:4)
  2 wind drakes (shapeshifter) (Elf:2)
  4 hornets
  A queen bee (shapeshifter) (Elf:3)
  3 bloated husks
  8 polar bears
  A meliai (shapeshifter) (Elf:1)
  24 blink frogs
  38 slime creatures
  A human simulacrum (Vaults:4)
  5 spectral swamp dragons (Swamp:4)
  5 dream sheep
  4 alligator zombies (Swamp:4)
  A shadow (D:9)
  2 tarantellas (Vaults:3)
  3 redbacks
  A vampire (D:9)
  8 spriggans
  8 water elementals
  3 air elementals
  2 wyverns
  Eustachio (D:5)
  50 yaks
  3 basilisks
  5 fire elementals
  A human (shapeshifter) (D:14)
  5 wraiths
  4 hogs (Lair:5)
  2 chaos spawn
  A neqoxec (Gauntlet)
  2 death yak simulacra (Lair:6)
  30 vampire mosquitoes
  Edmund (D:5)
  37 nagas
  4 wargs
  2 spectral cane toads (Lair:6)
  4 acid dragons
  14 swamp worms
  18 water moccasins
  2 swamp drakes
  4 ice beasts
  40 orc warriors
  A hornet zombie (D:6)
  4 black bears (D:8)
  An elephant zombie (Lair:6)
  A necrophage (D:6)
  3 swamp dragon zombies (Swamp:4)
  7 ogres
  A boggart (Vaults:2)
  13 centaurs
  6 elephant skeletons (Lair:6)
  3 wolves (Gauntlet)
  6 phantoms (Swamp:4)
  2 kobold brigands
  16 bullfrogs
  A gnoll sergeant (D:6)
  A water moccasin zombie (D:5)
  2 earth elementals
  2 scorpions
  2 cane toad simulacra (Lair:6)
  An elephant simulacrum (Lair:6)
  4 howler monkeys
  A wight (D:9)
  9 electric eels
  A lava snake (Snake:1)
  8 jellies
  Crazy Yiuf (D:7)
  4 centaur zombies
  4 hounds
  2 bullfrog skeletons
  36 orc priests
  Jessica (D:3)
  2 iguanas
  15 orc wizards
  A spectral swamp drake (Swamp:4)
  11 hell rats
  A killer bee zombie (D:9)
  17 gnolls
  7 adders
  A shadow imp (D:7)
  3 white imps
  3 dart slugs
  92 orcs
  6 ball pythons
  15 endoplasms
  2 giant cockroaches
  10 goblins
  6 hobgoblins
  2 jackals (D:2)
  3 quokkas
  4 bats
  6 frilled lizards
  9 kobolds
  3 rats
1626 creatures vanquished.

Vanquished Creatures (collateral kills)
  A centaur warrior (Vaults:1)
  An ironbound frostheart (Vaults:1)
  2 slime creatures (Vaults:1)
  A foxfire (Lair:5)
5 creatures vanquished.

Vanquished Creatures (others)
  An ettin (Depths:2)
  An alligator (Swamp:4)
  A deep elf knight (Elf:2)
  3 bloated husks (Swamp:4)
  A human (Lair:5)
  A swamp dragon zombie (Swamp:4)
  A bush (Lair:6)
  38 foxfires
  93 fungi
  123 plants
  29 withered plants (Lair:6)
292 creatures vanquished.

Grand Total: 1923 creatures vanquished

Notes
Turn   | Place    | Note
-------+----------+-------------------------------------------
     0 | D:1      | raph the Deep Elf Earth Elementalist began the quest for
                  | the Orb.
     0 | D:1      | Reached XP level 1. HP: 10/10 MP: 6/6
   138 | D:1      | Reached XP level 2. HP: 9/15 MP: 4/8
   258 | D:1      | Learned a level 2 spell: Passwall
  1111 | D:2      | Reached XP level 3. HP: 20/20 MP: 9/9
  1115 | D:2      | Learned a level 3 spell: Stone Arrow
  1401 | D:2      | Reached skill level 4 in Earth Magic
  1565 | D:2      | Reached skill level 1 in Conjurations
  1853 | D:2      | Reached XP level 4. HP: 24/24 MP: 7/10
  2382 | D:3      | Noticed Jessica
  2388 | D:3      | Killed Jessica
  2449 | D:3      | Learned a level 3 spell: Mephitic Cloud
  3363 | D:3      | Reached XP level 5. HP: 28/28 MP: 4/11
  3631 | D:3      | Reached skill level 5 in Earth Magic
  3736 | D:3      | Found a faded altar of an unknown god.
  3736 | D:3      | Noticed a neqoxec
  4958 | D:4      | Reached XP level 6. HP: 33/33 MP: 8/12
  5276 | D:5      | Entered Level 5 of the Dungeon
  5803 | D:5      | Reached skill level 6 in Earth Magic
  5927 | D:5      | Reached skill level 1 in Poison Magic
  6184 | D:5      | Noticed Eustachio
  6192 | D:5      | Killed Eustachio
  6193 | D:5      | Reached skill level 1 in Fighting
  6193 | D:5      | Reached XP level 7. HP: 38/38 MP: 2/14
  6193 | D:5      | Noticed Edmund
  6853 | D:5      | Found a shadowy altar of Dithmenos.
  6853 | D:5      | Found a white marble altar of Elyvilon.
  6963 | D:5      | Became a worshipper of Elyvilon the Healer
  6986 | D:5      | Killed Edmund
  7174 | D:5      | Reached XP level 8. HP: 44/44 MP: 9/16
  7191 | D:5      | Reached skill level 5 in Conjurations
  7592 | D:6      | Reached skill level 5 in Spellcasting
  7872 | D:6      | Identified the +5 ring mail of Ashyesix {rN+ Int+9 Dex-3}
  7989 | D:6      | Reached skill level 5 in Stealth
  8136 | D:6      | Reached skill level 7 in Earth Magic
  8142 | D:6      | Learned a level 5 spell: Bolt of Magma
  8295 | D:6      | Reached skill level 5 in Dodging
  8318 | D:6      | Reached * piety under Elyvilon
  8990 | D:6      | Identified the ring of Pufios {Fly rElec rF+ Str-4 Dex+3
                  | Stlth+}
  9003 | D:6      | Reached XP level 9. HP: 49/49 MP: 9/19
  9119 | D:7      | Found an ancient bone altar of Kikubaaqudgha.
  9119 | D:7      | Found a stormy altar of Qazlal.
  9119 | D:7      | Found a hide-covered altar of Uskayaw.
  9381 | D:7      | Found a staircase to the Ecumenical Temple.
  9384 | D:7      | Reached skill level 1 in Shields
  9822 | D:7      | Identified the ring of Metzev {Fire rPois Slay+3}
 10010 | D:7      | Noticed Maggie
 10018 | D:7      | Reached skill level 8 in Earth Magic
 10029 | D:7      | Killed Maggie
 10267 | D:7      | Noticed a manticore
 10463 | D:7      | Reached ** piety under Elyvilon
 10862 | D:8      | Noticed a komodo dragon
 11483 | D:8      | Killed a komodo dragon
 11488 | D:8      | Reached skill level 9 in Earth Magic
 11605 | D:8      | Reached XP level 10. HP: 55/55 MP: 9/20
 11723 | D:8      | Found a staircase to the Lair.
 11749 | D:8      | Noticed a two-headed ogre
 12127 | D:8      | Killed a two-headed ogre
 12128 | D:8      | Reached skill level 1 in Invocations
 12324 | D:8      | Learned a level 5 spell: Lee's Rapid Deconstruction
 12485 | D:8      | Reached *** piety under Elyvilon
 13005 | Lair:1   | Entered Level 1 of the Lair of Beasts
 13109 | Lair:1   | Reached skill level 10 in Earth Magic
 13324 | Lair:1   | Reached **** piety under Elyvilon
 13383 | Lair:1   | Noticed a cane toad
 13387 | Lair:1   | Killed a cane toad
 13388 | Lair:1   | Reached skill level 11 in Earth Magic
 13565 | Lair:1   | Noticed Fannar
 13710 | Lair:2   | Found a staircase to the Snake Pit.
 13933 | Lair:2   | Noticed a cane toad
 13937 | Lair:2   | Noticed a cane toad
 13939 | Lair:2   | Killed a cane toad
 13949 | Lair:2   | Killed a cane toad
 14052 | Lair:2   | Reached XP level 11. HP: 59/59 MP: 16/23
 14211 | Lair:2   | Noticed a four-headed hydra
 14259 | Lair:2   | Noticed a four-headed hydra
 14757 | Lair:1   | Reached skill level 12 in Earth Magic
 14860 | Lair:1   | Killed Fannar
 15569 | Lair:2   | Reached skill level 13 in Earth Magic
 15795 | Lair:2   | Found a staircase to the Swamp.
 15964 | Lair:2   | Killed a four-headed hydra
 16268 | Lair:2   | Reached skill level 14 in Earth Magic
 16317 | Lair:2   | Killed a four-headed hydra
 16647 | Lair:2   | Learned a level 4 spell: Petrify
 16813 | Lair:3   | Noticed a death yak
 16813 | Lair:3   | Noticed a death yak
 16813 | Lair:3   | Noticed a death yak
 16813 | Lair:3   | Noticed a death yak
 17690 | Lair:3   | Killed a death yak
 17691 | Lair:3   | Reached skill level 5 in Invocations
 17691 | Lair:3   | Reached XP level 12. HP: 64/64 MP: 3/24
 17724 | Lair:2   | Reached skill level 1 in Fire Magic
 17858 | Lair:2   | Killed a death yak
 18259 | Lair:3   | Identified a scroll of acquirement
 18259 | Lair:3   | Acquired a staff of earth
 19769 | Lair:3   | Noticed a four-headed hydra
 19775 | Lair:3   | Killed a four-headed hydra
 19963 | Lair:3   | Reached ***** piety under Elyvilon
 21238 | Lair:4   | You fall into a shaft and drop 1 floor!
 21754 | Lair:4   | Reached skill level 15 in Earth Magic
 22115 | Lair:4   | Noticed a five-headed hydra
 22119 | Lair:4   | Killed a five-headed hydra
 22989 | Lair:5   | Noticed Sonja
 23891 | Lair:5   | Reached XP level 13. HP: 72/72 MP: 13/27
 23910 | Lair:5   | Killed Sonja
 24266 | Lair:5   | Noticed Kirke
 24362 | Lair:5   | Killed Kirke
 24363 | Lair:5   | Reached skill level 10 in Conjurations
 25240 | Lair:6   | Entered Level 6 of the Lair of Beasts
 25243 | Lair:6   | Found a dark tunnel.
 25270 | Volcano  | Entered a volcano
 25271 | Volcano  | Reached ****** piety under Elyvilon
 25313 | Volcano  | Elyvilon protects you from harm!
 26016 | D:7      | Found a runed translucent door.
 26017 | D:7      | Noticed Crazy Yiuf
 26021 | D:7      | Killed Crazy Yiuf
 26215 | D:9      | Reached skill level 5 in Fighting
 26215 | D:9      | Reached skill level 5 in Fire Magic
 26610 | D:9      | Identified the +3 falchion "Duheats" {vorpal, Int+3}
 26896 | D:9      | Identified the +1 chain mail of the Salamander {Int+2}
 26926 | D:9      | Got Vyka's Handbook of the Displaced Birds
 26931 | D:9      | Learned a level 3 spell: Swiftness
 26948 | D:9      | Acquired 1247 gold pieces
 27247 | D:9      | Found a snail-covered altar of Cheibriados.
 27903 | D:9      | Learned a level 4 spell: Sticky Flame
 27917 | D:10     | Entered Level 10 of the Dungeon
 28212 | D:10     | Noticed Psyche
 28215 | D:10     | Killed Psyche
 28576 | D:10     | Found an ornate altar of the Wu Jian Council.
 28576 | D:10     | Found an opulent altar of Gozag.
 28576 | D:10     | Found a shimmering altar of Xom.
 28918 | D:10     | Reached skill level 1 in Evocations
 29174 | D:11     | Got the Guide on Transmutation and Attacks
 31124 | D:12     | Found a gate leading to a gauntlet.
 31134 | Gauntlet | Entered a Gauntlet
 31134 | Gauntlet | Found a transporter.
 31134 | Gauntlet | Found a transporter.
 31138 | Gauntlet | Found a transporter.
 31138 | Gauntlet | Found a transporter.
 31140 | Gauntlet | Found a large runed translucent door.
 31141 | Gauntlet | Found a large runed translucent door.
 31142 | Gauntlet | Found a large runed translucent door.
 31142 | Gauntlet | Found a large runed translucent door.
 31142 | Gauntlet | Found a runed translucent door.
 31143 | Gauntlet | Found a large runed translucent door.
 31147 | Gauntlet | Found a transporter.
 31149 | Gauntlet | Found a large runed translucent door.
 31150 | Gauntlet | Found a large runed translucent door.
 31151 | Gauntlet | Found a large runed translucent door.
 31152 | Gauntlet | Found a runed translucent gate.
 31154 | Gauntlet | Found a transporter.
 31160 | Gauntlet | Noticed a dire elephant
 31164 | Gauntlet | Found a transporter.
 31164 | Gauntlet | Found a transporter.
 31169 | Gauntlet | Found a transporter.
 31198 | Gauntlet | Found a transporter.
 31200 | Gauntlet | Found a runed translucent gate.
 31200 | Gauntlet | Found a runed translucent gate.
 31202 | Gauntlet | Found a large runed translucent door.
 31203 | Gauntlet | Found a large runed translucent door.
 31205 | Gauntlet | Found a transporter.
 31206 | Gauntlet | Found a large runed translucent door.
 31207 | Gauntlet | Found a large runed translucent door.
 31210 | Gauntlet | Found a runed translucent door.
 31221 | Gauntlet | Found a large runed translucent door.
 31221 | Gauntlet | Found a large runed translucent door.
 31222 | Gauntlet | Found a large runed translucent door.
 31223 | Gauntlet | Found a large runed translucent door.
 31223 | Gauntlet | Found a transporter.
 31268 | Gauntlet | Found a transporter.
 31284 | Gauntlet | Found a transporter.
 31383 | Gauntlet | Found a transporter.
 31399 | Gauntlet | Found a transporter.
 31741 | Gauntlet | Got the Incunabulum of Attacks
 31761 | Gauntlet | Learned a level 1 spell: Foxfire
 31804 | Gauntlet | Killed a dire elephant
 31805 | Gauntlet | Reached XP level 14. HP: 80/80 MP: 0/29
 32067 | Gauntlet | Got Sif Muna's Guide on Translocation
 32072 | Gauntlet | Identified the +1 steam dragon scales of Depression {rF+
                  | rN+ Will+}
 32508 | D:12     | Found Fodus's Firing Range.
 33406 | D:12     | Reached skill level 10 in Spellcasting
 33923 | D:12     | Found a staircase to the Orcish Mines.
 35159 | Orc:1    | Entered Level 1 of the Orcish Mines
 35701 | Orc:2    | Entered Level 2 of the Orcish Mines
 35704 | Orc:2    | Reached skill level 1 in Armour
 37695 | Orc:2    | Found a staircase to the Elven Halls.
 37844 | Orc:2    | Reached skill level 16 in Earth Magic
 39345 | Orc:2    | Found Olafim's General Store.
 39350 | Orc:2    | Found Ucwetun's Magic Scroll Boutique.
 39675 | Orc:2    | Bought a scroll of summoning for 104 gold pieces
 40469 | Orc:2    | Reached skill level 10 in Invocations
 41155 | Orc:2    | Found Femniekh's Antique Weapon Emporium.
 41155 | Orc:2    | Found a one-way gate leading to the halls of Pandemonium.
 41155 | Orc:2    | Found Lurgh's Jewellery Shoppe.
 41447 | Orc:2    | Bought a scorched long sword for 289 gold pieces
 41447 | Orc:2    | Identified the +6 long sword of the Shining Light {drain,
                  | +Blink} (You bought it in a shop on level 2 of the Orcish
                  | Mines)
 41765 | D:13     | Reached XP level 15. HP: 86/86 MP: 5/31
 43292 | D:13     | Found a gate to the Vaults.
 43612 | D:14     | Identified the +8 whip of the Poles {antimagic, rN+}
 43823 | D:14     | Found an iron altar of Okawaru.
 44419 | D:15     | Entered Level 15 of the Dungeon
 46476 | D:15     | Found a staircase to the Depths.
 46817 | Lair:6   | Found a staircase to the Slime Pits.
 46846 | Lair:5   | Reached skill level 10 in Dodging
 47540 | Lair:6   | Learned a level 5 spell: Fireball
 47552 | Lair:6   | Reached skill level 17 in Earth Magic
 49061 | Lair:6   | Reached XP level 16. HP: 94/94 MP: 22/33
 49528 | Lair:6   | Found a viscous altar of Jiyva.
 52534 | Lair:6   | Reached skill level 10 in Stealth
 54396 | Lair:6   | Identified the amulet of the Sky {+Inv rElec Regen+ Dex+3}
 54776 | Swamp:1  | Entered Level 1 of the Swamp
 56224 | Lair:2   | Reached skill level 18 in Earth Magic
 57007 | Swamp:1  | Found an opulent altar of Gozag.
 58499 | Swamp:2  | Noticed a thorn hunter
 58505 | Swamp:2  | Killed a thorn hunter
 59366 | Swamp:2  | Reached skill level 19 in Earth Magic
 60319 | Swamp:3  | Reached XP level 17. HP: 100/100 MP: 10/35
 61283 | Swamp:4  | Entered Level 4 of the Swamp
 61905 | Swamp:4  | Noticed a tentacled monstrosity
 61911 | Swamp:4  | Killed a tentacled monstrosity
 64023 | Swamp:4  | Noticed a bone dragon
 64029 | Swamp:4  | Killed a bone dragon
 64030 | Swamp:4  | Reached skill level 20 in Earth Magic
 66832 | Swamp:4  | Got a decaying rune of Zot
 67051 | Snake:1  | Entered Level 1 of the Snake Pit
 67536 | Snake:1  | Found Ijyge's Antique Armour Emporium.
 67540 | Snake:1  | Bought a pair of runed gloves for 247 gold pieces
 68775 | Snake:1  | Noticed Aizul
 68804 | Snake:1  | Killed Aizul
 68805 | Snake:1  | Reached skill level 15 in Spellcasting
 69485 | Snake:1  | Noticed Asterion
 70085 | Snake:1  | Learned a level 9 spell: Shatter
 70913 | Snake:2  | Reached XP level 18. HP: 105/105 MP: 19/39
 71391 | Snake:2  | Reached skill level 21 in Earth Magic
 74235 | Snake:4  | Entered Level 4 of the Snake Pit
 75870 | Snake:4  | Noticed Nikola
 75876 | Snake:4  | Killed Nikola
 77311 | Snake:4  | Reached skill level 22 in Earth Magic
 77640 | Snake:4  | Noticed Vashnia
 78480 | Snake:4  | Killed Vashnia
 79743 | Snake:4  | Reached skill level 23 in Earth Magic
 80024 | Snake:4  | Got a serpentine rune of Zot
 80645 | Vaults:1 | Entered Level 1 of the Vaults
 80939 | Vaults:1 | Reached XP level 19. HP: 75/110 MP: 4/41
 84575 | Vaults:1 | Reached skill level 24 in Earth Magic
 84690 | Vaults:2 | Identified the +1 robe of the Shrieking Frog {rCorr}
 86067 | Vaults:2 | Found Asmie's Distillery.
 86076 | Vaults:2 | Bought a potion of heal wounds for 115 gold pieces
 86076 | Vaults:2 | Bought a potion of heal wounds for 115 gold pieces
 86076 | Vaults:2 | Bought a potion of resistance for 230 gold pieces
 86076 | Vaults:2 | Bought a potion of haste for 230 gold pieces
 86076 | Vaults:2 | Bought a potion of haste for 230 gold pieces
 87237 | Vaults:2 | Learned a level 6 spell: Starburst
 87674 | Vaults:3 | Reached skill level 25 in Earth Magic
 89150 | Vaults:3 | Reached XP level 20. HP: 116/116 MP: 27/42
 89812 | Vaults:3 | Found a staircase to the Crypt.
 90932 | Vaults:4 | Reached skill level 26 in Earth Magic
 91292 | Vaults:4 | Learned a level 1 spell: Apportation
 93057 | Vaults:4 | Reached skill level 27 in Earth Magic
 93075 | Vaults:4 | Noticed Jory
 93388 | Vaults:4 | Killed Jory
 93389 | Vaults:4 | Reached skill level 1 in Short Blades
 94475 | Elf:1    | Entered Level 1 of the Elven Halls
 94983 | Elf:1    | Noticed Donald
 94989 | Elf:1    | Killed Donald
 95232 | Elf:1    | Reached XP level 21. HP: 120/120 MP: 27/43
 95795 | Elf:1    | Identified Roxanne's Incunabulum of Clay
 95795 | Elf:1    | Noticed Roxanne
 95799 | Elf:1    | Killed Roxanne
 96282 | Elf:1    | Noticed Frances
 96312 | Elf:1    | Killed Frances
 96627 | Elf:1    | Found Xuteklox's Book Shop.
 96642 | Elf:1    | Identified the +0 pair of boots of Masochism {Will+}
 97598 | Elf:2    | Found a runed translucent door.
 97599 | Elf:2    | Found a shimmering altar of Xom.
 97599 | Elf:2    | Noticed SlowGraham's ghost (veteran FoEE)
 97742 | Elf:2    | Found a runed translucent gate.
 97742 | Elf:2    | Found a runed translucent gate.
 97742 | Elf:2    | Found a runed translucent gate.
 98408 | Elf:2    | Reached skill level 5 in Short Blades
 99137 | Elf:3    | Entered Level 3 of the Elven Halls
 99188 | Elf:3    | Found a magical portal.
 99276 | WizLab   | Entered The Hall of the Hellbinder
100101 | Elf:3    | Reached skill level 10 in Fighting
102338 | Elf:3    | Identified the amulet of Lady Luck {Acrobat rElec Will+}
102706 | Elf:3    | Identified the +9 whip "Jellyslayer" {chaos, rN++}
103355 | Elf:3    | Reached XP level 22. HP: 128/128 MP: 20/45
104062 | Elf:3    | Identified the +2 shortbow of Execution {speed, Int+4}
104070 | Elf:3    | Got the Tome of Calling and Conjuration
104345 | D:12     | Learned a level 8 spell: Lehudib's Crystal Spear
104534 | Depths:1 | Entered Level 1 of the Depths
105692 | Depths:1 | Found Xuzesagh's General Store.
105692 | Depths:1 | Found Anletua's Jewellery Shop.
105694 | Depths:1 | Found Ysept's Armour Shop.
105695 | Depths:1 | Found Xinuob's Antique Armour Boutique.
105706 | Depths:1 | Bought an embroidered cloak for 390 gold pieces
105709 | Depths:1 | Bought a scroll of fear for 59 gold pieces
105712 | Depths:1 | Bought a +2 buckler of protection for 365 gold pieces
105838 | Depths:1 | Found a gateway to a ziggurat.
106016 | Depths:1 | Found a gateway to Hell.
109011 | Depths:3 | Found a one-way gate to the infinite horrors of the Abyss.
109321 | Depths:3 | Found Eplal's Weapon Emporium.
109367 | Depths:3 | Noticed Saint Roka
110014 | Depths:3 | Killed Saint Roka
110900 | Depths:3 | Found a shadowy altar of Dithmenos.
110903 | Depths:3 | Found a shimmering altar of Xom.
110903 | Depths:3 | Found a shimmering altar of Xom.
110905 | Depths:3 | Found an ornate altar of the Wu Jian Council.
110905 | Depths:3 | Found a shimmering altar of Xom.
110905 | Depths:3 | Found a snail-covered altar of Cheibriados.
111136 | Depths:3 | Reached XP level 23. HP: 96/135 MP: 36/47
111443 | Depths:3 | Killed from afar by a frost giant

Illustrated notes

Levels and vault maps discovered:
D:1:      psy_arrival_spokes, layout_basic
D:2:      layout_loops_ring, serial_glass, glass_columns_b, glass_columns_c,
          glass_columns_b, grunt_ministairs_2, chequers_avenue,
          amcnicky_mini_pool_small, minmay_misc_feat_enclosed,
          kennysheep_crisscross, chequers_jeans
D:3:      layout_basic, dreamdust_ecumenical_altar_sealed_demon,
          chequers_serial_rivers_micro_e, uniq_jessica
D:4:      layout_basic, hangedman_decor_points
D:5:      layout_loops_ring, gammafunk_temple_overflow_wave,
          roderic_filled_cross, uniq_edmund, uniq_eustachio
D:6:      layout_basic, serial_curves, eino_curves_04, eino_curves_02
D:7:      layout_cave_pods, chequers_temple_overflow_statue_of_worship,
          minmay_temple_entry_waves, st_stairs_3, nicolae_benzene_ring,
          minmay_crystal_room, uniq_maggie, uniq_crazy_yiuf_cottage
D:8:      layout_basic, due_lair_maze_entry_diamond
D:9:      layout_grid_maze, kennysheep_slug_shrine, minmay_the_grid_2x2
          [minmay_the_grid_expand, minmay_the_grid_slots,
          minmay_the_grid_tri_star, minmay_the_grid_prize_big_room]
D:10:     layout_basic, gammafunk_temple_overflow_forgotten, uniq_psyche
D:11:     layout_stronghold, serial_rivers, chequers_serial_rivers_micro_c,
          chequers_serial_rivers_large_b, chequers_serial_rivers_micro_d,
          chequers_serial_rivers_small_3, chequers_serial_rivers_large_a
D:12:     layout_basic, erik_orc_2, gauntlet_entry_generic,
          nicolae_shop_firing_range
D:13:     layout_irregular_city, david_vaults_5
D:14:     layout_rooms, okawaru_ov_weapons_minmay
D:15:     grunt_enter_depths_magical_seal, layout_cave_pods, minivault_14,
          chequers_serial_rivers_room_b
Lair:1:   layout_cave_pods, grunt_megastairs_1, uniq_fannar
Lair:2:   layout_chaotic_city, minmay_swamp_entry_wisps,
          guppyfry_snake_entry_island
Lair:3:   lemuel_slime, layout_misc_corridors, grunt_megastairs_5,
          serial_bayou_shore_b
Lair:4:   layout_gridlike, chequers_serial_rivers_micro_d
Lair:5:   layout_layer_cave, serial_bayou_shore_b, uniq_kirke, uniq_sonja
Lair:6:   due_jungle_book, layout_regular_city, slime_altar_1,
          nicolae_volcano_entry_two_sided, nicolae_quartered_pool_super,
          wad_woods_road_04, minmay_lair_oklob_chamber
Swamp:1:  layout_basic_swamp, lemuel_altar_in_water, swamp_pool1
Swamp:2:  layout_basic_swamp, evilmike_swamp_ruin_house_4, swamp_pool2,
          nicolae_swamp_trees_clearing
Swamp:3:  layout_basic_swamp, evilmike_swamp_ruin_rubble_2
Swamp:4:  swamp_pestilence, layout_basic_swamp
Snake:1:  layout_honeycomb, nicolae_snake_salamander_fort, minmay_shop_star,
          uniq_aizul, uniq_asterion
Snake:2:  layout_misc_corridors
Snake:3:  layout_chambers, nicolae_snake_gridmaze_waves
Snake:4:  grunt_snake_rune_spirals, layout_onion, st_stairs_3, uniq_vashnia,
          uniq_nikola
Orc:1:    layout_caves
Orc:2:    pf_orc_diabolical, layout_diamond_mine, nicolae_orc_pool_cavern,
          nicolae_orc_rockfall, nicolae_orc_bridge_out
Elf:1:    minmay_elf_arrival_plus, layout_onion_city, serial_shops, shop,
          uniq_donald, uniq_frances, uniq_roxanne
Elf:2:    nicolae_elf_blades_splatter_lattice
          [nicolae_blade_entry_hurt_lockers], layout_geoelf_diagonals,
          ebering_ghost_xom
Elf:3:    minmay_elf_hall_quartered_circle, layout_gridlike,
          infiniplex_enter_wizlab_glasses
Vaults:1: ontoclasm_vaults_fault, nicolae_vaults_ring_of_whatevers,
          nicolae_vaults_little_squares_2, nicolae_vaults_ring_of_whatevers,
          vaults_room_grunt_arrival_ludios, nicolae_vaults_specimen_jars,
          ontoclasm_vaults_eye, ontoclasm_vaults_ligature,
          ontoclasm_vaults_pinch, layout_vaults_omnigrid
Vaults:2: v_alt_pattern_1, grunt_vaults_funnel, vaults_room_large_hall,
          nicolae_vaults_little_ls, nicolae_vaults_disjoint_gnomons,
          vaults_room_corners, vaults_room_stairs_pillars, v_misc_12,
          dpeg_vaults_monster_row, v_pattern_3, nicolae_vaults_big_angled_halls,
          hangedman_vaults_stretched_pinwheel, layout_vaults_maze, serial_shops,
          nicolae_diamond_shop
Vaults:3: nicolae_vaults_little_squares_3, v_pattern_4,
          vaults_mumra_minichess_inversion, hangedman_vaults_corner,
          nicolae_vaults_three_branches, nicolae_vaults_little_squares_3,
          vaults_room_fours, vaults_dpeg_cross, minmay_crypt_entry_simple_box,
          layout_vaults_big_room
Vaults:4: v_misc_13, v_misc_1, st_cells, grunt_vaults_twisty, v_misc_4,
          v_rooms_2, serial_ice_h, nicolae_vaults_little_squares_2, v_misc_11,
          v_misc_14, nicolae_vaults_mini_display_case,
          nicolae_vaults_little_squares_1, grunt_vaults_hallway_short,
          layout_vaults_omnicross, uniq_jory
Depths:1: layout_cave_pools, enter_ziggurat_b, moated_statue, pf_coc_iceberg,
          lemuel_flamethrower_3, minmay_shoptagon
Depths:2: nzn_winding_woodlands_small [nzn_winding_woodlands_5x15_longhouse,
          nzn_winding_woodlands_center_lodge,
          nzn_winding_woodlands_5x15_default], layout_honeycomb, hell_entry,
          pan_entry, serial_sigils_hangedman_leer
Depths:3: minmay_containers, layout_basic, rand_demon_pan_entry_8,
          doesnt_xom_only_xom, abyss_entry, hell_entry, serial_shops, shop,
          uniq_saint_roka

Skill      XL: |  1  2  3  4  5  6  7  8  9 10 11 12 13 14 15 16 17 18 19 20 21 22 23 |
---------------+----------------------------------------------------------------------+-----
Stealth        | 3 4 5 6 8 9 10 12 13 | 13.3
Earth Magic    | 4 5 6 7 9 11 14 15 16 17 19 20 23 25 27 | 27.0
Conjurations   | 1 2 3 4 6 8 9 10 11 12 13 14 | 14.0
Dodging        | 3 4 5 6 8 9 10 12 14 | 14.2
Poison Magic   | 1 2 3 |  3.4
Fighting       | 1 2 3 4 6 7 8 9 10 11 | 11.6
Spellcasting   | 4 5 6 7 8 9 10 11 12 15 16 17 18 | 18.7
Shields        | 3 4 |  4.0
Invocations    | 2 5 7 9 10 11 | 11.9
Fire Magic     | 4 5 7 |  7.1
Evocations     | 2 4 |  4.2
Armour         | 2 3 4 |  4.3
Short Blades   | 3 5 |  5.9
Transmutations | |  1.1

Action                   |  1- 3 |  4- 6 |  7- 9 | 10-12 | 13-15 | 16-18 | 19-21 | 22-24 || total
-------------------------+-------+-------+-------+-------+-------+-------+-------+-------++-------
Melee: Dagger            |    12 |    10 |    24 |    20 |    10 |    20 |       |       ||    96
       Staff             |       |       |     3 |     3 |    17 |    17 |     6 |     6 ||    52
       Falchion          |       |       |       |       |    42 |    21 |       |       ||    63
       Rapier            |       |       |       |       |       |       |    48 |     2 ||    50
 Cast: Sandblast         |    43 |    21 |    67 |    72 |    69 |    26 |    30 |     4 ||   332
       Stone Arrow       |     6 |    33 |    69 |   138 |    36 |       |     2 |       ||   284
       Passwall          |       |     1 |     5 |     9 |    13 |     8 |     2 |       ||    38
       Mephitic Cloud    |       |     1 |     5 |     5 |       |       |       |       ||    11
       Bolt of Magma     |       |       |       |    24 |   207 |   446 |   451 |    35 ||  1163
       Lee's Rapid Decon |       |       |       |    78 |   273 |   226 |   130 |    72 ||   779
       Petrify           |       |       |       |    10 |    13 |     2 |     2 |       ||    27
       Sticky Flame      |       |       |       |       |    30 |    32 |     4 |     1 ||    67
       Foxfire           |       |       |       |       |    12 |     6 |       |       ||    18
       Fireball          |       |       |       |       |     8 |    57 |     3 |       ||    68
       Swiftness         |       |       |       |       |     1 |     1 |     1 |       ||     3
       Shatter           |       |       |       |       |       |     7 |    20 |    17 ||    44
       Starburst         |       |       |       |       |       |       |     7 |       ||     7
       Lehudib's Crystal |       |       |       |       |       |       |       |    61 ||    61
       Apportation       |       |       |       |       |       |       |       |     3 ||     3
Invok: Divine Protection |       |       |     1 |       |     2 |       |       |       ||     3
       Greater Healing   |       |       |       |     1 |     1 |     7 |     8 |     3 ||    20
       Lesser Healing    |       |       |       |     1 |       |       |       |       ||     1
       Heal Other        |       |       |       |     7 |       |     4 |       |     9 ||    20
       Divine Vigour     |       |       |       |       |     1 |       |       |       ||     1
       Purification      |       |       |       |       |       |     2 |       |       ||     2
Evoke: Wand              |       |       |     1 |     6 |     2 |     3 |       |       ||    12
  Use: Scroll            |       |     9 |     7 |    10 |     8 |    10 |     6 |     4 ||    54
       Potion            |       |       |       |     1 |     2 |       |     1 |       ||     4
 Stab: Sleeping          |     4 |     2 |       |       |       |     5 |     4 |     2 ||    17
       Confused          |       |       |     1 |       |       |       |       |       ||     1
       Distracted        |       |       |       |       |       |       |       |     1 ||     1
Armor: Robe              |     7 |     9 |    18 |       |       |       |       |       ||    34
       Acid dragon scale |       |       |    13 |    49 |    99 |   205 |    79 |    36 ||   481
Dodge: Dodged            |    18 |    19 |    68 |   106 |   216 |   305 |   171 |    66 ||   969
Block: Buckler           |       |       |    13 |    40 |    68 |   106 |    67 |    30 ||   324
       Rpst.: Falchion   |       |       |       |       |     8 |     4 |       |       ||    12
